Jets vs Red Wings

Created - 28 février 2022 at 19:46

Goals
1 2 3 OT1 T
Jets 0 1 3 0 4
Red Wings 0 2 2 1 5
Shots
1 2 3 OT1 T
Jets 10 12 11 4 37
Red Wings 12 12 15 2 41

1st period

No Goal

Penalties :
Jujhar Khaira (DET) for Hooking (Minor) at 3:40

2nd period

1. Red Wings , Mark Scheifele 23 (David Pastrnak 31, Jeff Petry 21) at 6:08
2. Red Wings , Mark Scheifele 24 (David Pastrnak 32, Troy Stecher 7) at 6:48
3. Jets , Victor Olofsson 19 (James van Riemsdyk 23, Nathan MacKinnon 45) at 11:25 (PP)

Penalties :
Dylan DeMelo (DET) for Tripping (Minor) at 10:58, Kris Letang (WIN) for Holding (Minor) at 13:35, Troy Terry (WIN) for High sticking (Minor) at 16:51

3rd period

4. Jets , Victor Olofsson 20 (Nathan MacKinnon 46, James van Riemsdyk 24) at 1:44 (PP)
5. Red Wings , Oliver Bjorkstrand 10 (John Tavares 30, Dylan DeMelo 11) at 4:07 (PP)
6. Red Wings , Zach Aston-Reese 9 (Dylan DeMelo 12, Jujhar Khaira 11) at 11:37
7. Jets , Artem Anisimov 10 (Troy Terry 17, Josh Manson 5) at 12:52
8. Jets , Victor Olofsson 21 (Nathan MacKinnon 47) at 16:39 (PP)

Penalties :
Zach Aston-Reese (DET) for Tripping (Minor) at 1:26, Josh Manson (WIN) for Tripping (Minor) at 3:16, Marc-Andre Fleury (DET) for Slashing (Minor) at 6:43 - Noel Acciari served the penalty, Eric Staal (DET) for Hooking (Minor) at 16:38

Overtime #1

9. Red Wings , Connor Brown 15 (David Pastrnak 33, Jeff Petry 22) at 3:10

Penalties :
No Penalty

Goalie Stats

Jonathan Bernier (WIN), 36 saves from 41 shots - (0,878), OTL, 12-12-1, 63:10 minutes
Marc-Andre Fleury (DET), 33 saves from 37 shots - (0,892), W, 22-16-5, 63:10 minutes

Players Stats for Jets

Player Name              G  A  P  +/- PIM S  H  SB GA TA FO     MP     PP MP  PK MP  
------------------------------------------------------------------------------------
Artem Anisimov           1  0  1   0  0   5  1  1  0  0  1/10   16:29   1:44   1:33 
Brett Pesce              0  0  0  -1  0   3  0  2  0  1  0/0    26:58   2:16   2:47 
Brett Ritchie            0  0  0   0  0   0  0  0  0  0  0/0     0:39   0:10   0:00 
Daniel Sprong            0  0  0  -1  0   1  1  0  1  0  0/0     9:11   0:00   0:00 
Filip Chytil             0  0  0   0  0   2  1  1  0  1  1/1    12:12   0:10   0:13 
Frederick Gaudreau       0  0  0   0  0   1  0  0  1  0  6/7    12:33   0:10   0:00 
James van Riemsdyk       0  2  2  -2  0   4  1  2  1  1  0/1    24:16   2:50   2:58 
John Moore               0  0  0   1  0   1  0  0  0  0  0/0    11:06   0:00   0:00 
Josh Manson              0  1  1  -2  2   2  3  0  1  1  0/0    19:59   2:28   1:50 
Josh Morrissey           0  0  0  -2  0   0  1  2  0  0  0/0    20:12   2:28   2:02 
Kris Letang              0  0  0  -1  2   2  2  2  0  1  0/0    29:25   2:16   1:47 
Kyle Turris              0  0  0   0  0   0  0  0  0  0  0/0    12:43   0:00   0:46 
Mark Pysyk               0  0  0  -1  0   0  0  0  0  0  0/0     3:01   0:00   0:00 
Nathan MacKinnon         0  3  3  -2  0   5  0  0  1  1  17/36  24:18   2:50   3:05 
Nils Lundkvist           0  0  0   1  0   0  0  1  0  0  0/0    12:32   0:00   1:12 
Troy Terry               0  1  1   0  2   4  0  1  1  1  0/1    14:20   1:44   0:00 
Victor Olofsson          3  0  3  -1  0   6  1  0  0  0  0/1    22:18   2:50   1:03 
Wayne Simmonds           0  0  0   0  0   1  1  2  0  0  0/0    14:04   1:44   0:00 
William Carrier          0  0  0  -1  0   0  0  1  0  0  0/0     9:11   0:00   0:00 
Zac Dalpe                0  0  0  -1  0   0  0  0  0  1  1/2     9:11   0:00   0:00 

Players Stats for Red Wings

Player Name              G  A  P  +/- PIM S  H  SB GA TA FO     MP     PP MP  PK MP  
------------------------------------------------------------------------------------
Anton Stralman           0  0  0   0  0   0  2  0  0  0  0/0    11:17   0:00   0:00 
Connor Brown             1  0  1   2  0   4  1  0  0  0  2/3    21:25   2:41   1:14 
David Pastrnak           0  3  3   2  0   4  1  0  1  0  0/0    21:25   2:41   1:14 
Duncan Keith             0  0  0   1  0   2  1  2  0  2  0/0    29:55   2:23   2:41 
Dylan DeMelo             0  2  2   1  2   2  2  1  0  0  0/0    20:07   2:26   2:03 
Eric Staal               0  0  0   0  2   0  0  1  0  0  1/1     7:27   0:00   0:00 
Haydn Fleury             0  0  0   0  0   0  1  0  0  0  0/0    11:17   0:00   0:00 
Jeff Petry               0  2  2   2  0   5  3  2  2  1  0/0    30:25   2:23   2:41 
John Tavares             0  1  1   0  0   4  2  0  2  1  9/16   19:13   2:08   2:44 
Jujhar Khaira            0  1  1   1  2   6  2  0  0  0  0/1    14:09   0:00   0:26 
Lars Eller               0  0  0   0  0   1  0  0  0  0  0/0    15:08   2:08   0:00 
Mark Scheifele           2  0  2   1  0   4  3  3  0  0  18/31  23:43   2:41   2:44 
Nico Sturm               0  0  0   0  0   0  1  0  0  1  0/0     7:28   0:00   0:00 
Noel Acciari             0  0  0   1  0   1  1  0  0  0  2/5    13:58   0:00   0:00 
Oliver Bjorkstrand       1  0  1   0  0   2  2  1  1  0  0/1    15:11   2:08   0:00 
Troy Stecher             0  1  1   1  0   1  1  2  0  1  0/0    20:08   2:26   2:03 
Zach Aston-Reese         1  0  1   1  2   5  1  0  1  0  1/1    14:29   0:00   0:46 
Zemgus Girgensons        0  0  0   0  0   0  0  0  1  0  0/0     7:57   0:00   0:20 

3 Stars

1 - Mark Scheifele (DET)
2 - Victor Olofsson (WIN)
3 - David Pastrnak (DET)

Power Play

Jets - 3 on 5 Attempt(s) - 60,00%
Red Wings - 1 on 3 Attempt(s) - 33,33%

Penalty Kill

Jets - 2 on 3 Attempt(s) - 66,67% - Score 0 goal in Penalty Kill
Red Wings - 2 on 5 Attempt(s) - 40,00% - Score 0 goal in Penalty Kill

Team Stat

Jets - Hits : 12 - Faceoff Wins : 26 - Blocked Shots : 15 - Penalty Minutes : 6
Red Wings - Hits : 24 - Faceoff Wins : 33 - Blocked Shots : 12 - Penalty Minutes : 10

Official

Referees : Terry Koharski and Brad Meier
Linesman : Jake Davis and Bryan Pancich

Game Notes

Victor Olofsson has scored a Hat Trick!

Finance

Level 1 -- Attendance: 3586 (59,77%) -- Ticket Income 466 180 $
Level 2 -- Attendance: 2876 (57,52%) -- Ticket Income 244 460 $
Level 3 -- Attendance: 1270 (63,50%) -- Ticket Income 63 500 $
Level 4 -- Attendance: 3867 (96,68%) -- Ticket Income 96 675 $
Luxury Box -- Attendance: 692 (69,20%) -- Ticket Income 173 000 $
Game was played at the Octopus Arena.
Total Attendance: 12291 (68,28%)
Total Ticket Income: 1 043 815 $
Other Income: 511 469 $
Total Income: 1 555 284 $

Jets

5 vs 5 Forward 
   Center                   Left Wing                Right Wing               Time % Phy DF OF 
 1 Nathan MacKinnon         James van Riemsdyk       Victor Olofsson          40     1   2  2  
 2 Artem Anisimov           Wayne Simmonds           Troy Terry               30     1   2  2  
 3 Frederick Gaudreau       Filip Chytil             Kyle Turris              20     1   2  2  
 4 Zac Dalpe                William Carrier          Daniel Sprong            10     1   2  2  

5 vs 5 Defense 
   Defense                  Defense                                           Time % Phy DF OF 
 1 Kris Letang              Brett Pesce                                       40     1   2  2  
 2 Josh Morrissey           Josh Manson                                       30     1   2  2  
 3 John Moore               Nils Lundkvist                                    20     1   2  2  
 4 Mark Pysyk               Kris Letang                                       10     1   2  2  

PowerPlay Forward 
   Center                   Left Wing                Right Wing               Time % Phy DF OF 
 1 Nathan MacKinnon         James van Riemsdyk       Victor Olofsson          60     1   2  2  
 2 Artem Anisimov           Wayne Simmonds           Troy Terry               40     1   2  2  

PowerPlay Defense
   Defense                  Defense                                           Time % Phy DF OF 
 1 Kris Letang              Brett Pesce                                       60     1   2  2  
 2 Josh Morrissey           Josh Manson                                       40     1   2  2  

Penalty Kill 4 Players Forward 
   Center                   Wing                     Time % Phy DF OF 
 1 Nathan MacKinnon         James van Riemsdyk       60     1   2  2  
 2 Victor Olofsson          Artem Anisimov           40     1   2  2  

Penalty Kill 4 Players Defense
   Defense                  Defense                  Time % Phy DF OF 
 1 Kris Letang              Brett Pesce              60     1   2  2  
 2 Josh Morrissey           Josh Manson              40     1   2  2  

Penalty Kill - 3 Players Forward 
   Forward                                           Time % Phy DF OF 
 1 Nathan MacKinnon                                  60     1   2  2  
 2 James van Riemsdyk                                40     1   2  2  

Penalty Kill - 3 Players Defense
   Defense                  Defense                  Time % Phy DF OF 
 1 Kris Letang              Brett Pesce              60     1   2  2  
 2 Josh Morrissey           Josh Manson              40     1   2  2  

4 vs 4 Forward 
   Center                   Wing                     Time % Phy DF OF 
 1 Nathan MacKinnon         James van Riemsdyk       60     1   2  2  
 2 Victor Olofsson          Artem Anisimov           40     1   2  2  

4 vs 4 Defense
   Defense                  Defense                  Time % Phy DF OF 
 1 Kris Letang              Brett Pesce              60     1   2  2  
 2 Josh Morrissey           Josh Manson              40     1   2  2  

Last Minutes Offensive
   Center                   Left Wing                Right Wing               Defense                  Defense                  
   Nathan MacKinnon         James van Riemsdyk       Victor Olofsson          Kris Letang              Brett Pesce              

Last Minutes Defensive
   Center                   Left Wing                Right Wing               Defense                  Defense                  
   Nathan MacKinnon         James van Riemsdyk       Victor Olofsson          Kris Letang              Brett Pesce              

Goaltenders
Starting : Jonathan Bernier         
Backup : Mackenzie Blackwood      

Extra Forwards
Normal : Brett Ritchie, Frederick Gaudreau, Kyle Turris - PP : Brett Ritchie, Frederick Gaudreau - PK : Kyle Turris
Extra Defensemen
Normal : John Moore, Nils Lundkvist, Mark Pysyk - PP : John Moore - PK : Nils Lundkvist, Mark Pysyk
Penalty Shots
Nathan MacKinnon, James van Riemsdyk, Victor Olofsson, Artem Anisimov, Troy Terry
Custom OT Lines Forwards
Nathan MacKinnon, James van Riemsdyk, Victor Olofsson, Artem Anisimov, Troy Terry, Wayne Simmonds, Frederick Gaudreau, Kyle Turris, Filip Chytil, Daniel Sprong
Custom OT Lines Defensemen
Kris Letang, Brett Pesce, Josh Morrissey, Josh Manson, John Moore

Scratches
Jake Debrusk (Strained Groin Injury)

Red Wings

5 vs 5 Forward 
   Center                   Left Wing                Right Wing               Time % Phy DF OF 
 1 Mark Scheifele           David Pastrnak           Connor Brown             36     0   2  3  
 2 John Tavares             Lars Eller               Oliver Bjorkstrand       30     0   2  3  
 3 Noel Acciari             Zach Aston-Reese         Jujhar Khaira            24     1   2  2  
 4 Eric Staal               Nico Sturm               Zemgus Girgensons        10     1   2  2  

5 vs 5 Defense 
   Defense                  Defense                                           Time % Phy DF OF 
 1 Jeff Petry               Duncan Keith                                      40     1   2  2  
 2 Troy Stecher             Dylan DeMelo                                      30     1   2  2  
 3 Anton Stralman           Haydn Fleury                                      20     1   2  2  
 4 Jeff Petry               Duncan Keith                                      10     1   2  2  

PowerPlay Forward 
   Center                   Left Wing                Right Wing               Time % Phy DF OF 
 1 Mark Scheifele           David Pastrnak           Connor Brown             60     1   2  2  
 2 John Tavares             Lars Eller               Oliver Bjorkstrand       40     1   2  2  

PowerPlay Defense
   Defense                  Defense                                           Time % Phy DF OF 
 1 Jeff Petry               Duncan Keith                                      60     1   2  2  
 2 Troy Stecher             Dylan DeMelo                                      40     1   2  2  

Penalty Kill 4 Players Forward 
   Center                   Wing                     Time % Phy DF OF 
 1 Mark Scheifele           John Tavares             60     1   2  2  
 2 David Pastrnak           Connor Brown             40     1   2  2  

Penalty Kill 4 Players Defense
   Defense                  Defense                  Time % Phy DF OF 
 1 Jeff Petry               Duncan Keith             60     1   2  2  
 2 Troy Stecher             Dylan DeMelo             40     1   2  2  

Penalty Kill - 3 Players Forward 
   Forward                                           Time % Phy DF OF 
 1 Mark Scheifele                                    60     1   2  2  
 2 John Tavares                                      40     1   2  2  

Penalty Kill - 3 Players Defense
   Defense                  Defense                  Time % Phy DF OF 
 1 Jeff Petry               Duncan Keith             60     1   2  2  
 2 Troy Stecher             Dylan DeMelo             40     1   2  2  

4 vs 4 Forward 
   Center                   Wing                     Time % Phy DF OF 
 1 Mark Scheifele           John Tavares             60     1   2  2  
 2 David Pastrnak           Connor Brown             40     1   2  2  

4 vs 4 Defense
   Defense                  Defense                  Time % Phy DF OF 
 1 Jeff Petry               Duncan Keith             60     1   2  2  
 2 Troy Stecher             Dylan DeMelo             40     1   2  2  

Last Minutes Offensive
   Center                   Left Wing                Right Wing               Defense                  Defense                  
   Mark Scheifele           David Pastrnak           Connor Brown             Jeff Petry               Duncan Keith             

Last Minutes Defensive
   Center                   Left Wing                Right Wing               Defense                  Defense                  
   Mark Scheifele           David Pastrnak           Connor Brown             Jeff Petry               Duncan Keith             

Goaltenders
Starting : Marc-Andre Fleury        
Backup : Mikko Koskinen           

Extra Forwards
Normal : Noel Acciari, Zach Aston-Reese, Jujhar Khaira - PP : Noel Acciari, Zach Aston-Reese - PK : Jujhar Khaira
Extra Defensemen
Normal : Anton Stralman, Haydn Fleury, Troy Stecher - PP : Anton Stralman - PK : Haydn Fleury, Troy Stecher
Penalty Shots
Mark Scheifele, John Tavares, David Pastrnak, Connor Brown, Lars Eller
Custom OT Lines Forwards
Mark Scheifele, John Tavares, David Pastrnak, Connor Brown, Lars Eller, Oliver Bjorkstrand, Noel Acciari, Zach Aston-Reese, Jujhar Khaira, Eric Staal
Custom OT Lines Defensemen
Jeff Petry, Duncan Keith, Troy Stecher, Dylan DeMelo, Anton Stralman

Scratches
Pat Maroon (Healthy), Andreas Johnsson (Healthy)

% Time on Ice - Jets

Lines # - Real PCT - Wanted PCT - Time Play
Normal Forward
1 - 35% - 40% - 17:40
2 - 24% - 30% - 12:01
3 - 23% - 20% - 11:35
4 - 18% - 10% - 9:11
Normal Defense
1 - 41% - 40% - 20:38
2 - 31% - 30% - 15:42
3 - 22% - 20% - 11:06
4 - 6% - 10% - 3:01
PP Forward
1 - 63% - 60% - 3:00
2 - 37% - 40% - 1:44
PP Defense
1 - 48% - 60% - 2:16
2 - 52% - 40% - 2:28
PK Forward
1 - 79% - 60% - 3:49
2 - 21% - 40% - 1:00
PK Defense
1 - 58% - 60% - 2:47
2 - 42% - 40% - 2:02
PK3 Forward
1 - 0% - 60%
2 - 0% - 40%
PK3 Defense
1 - 0% - 60%
2 - 0% - 40%
44 Forward
1 - 0% - 60%
2 - 0% - 40%
44 Defense
1 - 0% - 60%
2 - 0% - 40%
Last Minute Offensive  - 0:00
Last Minute Defensive  - 0:00
Total
Forward - 60:00
Defense - 60:00

% Time on Ice - Red Wings

Lines # - Real PCT - Wanted PCT - Time Play
Normal Forward
1 - 34% - 36% - 17:16
2 - 25% - 30% - 12:40
3 - 26% - 24% - 13:03
4 - 15% - 10% - 7:28
Normal Defense
1 - 41% - 40% - 20:34
2 - 31% - 30% - 15:39
3 - 22% - 20% - 11:17
4 - 6% - 10% - 2:57
PP Forward
1 - 56% - 60% - 2:41
2 - 44% - 40% - 2:08
PP Defense
1 - 49% - 60% - 2:23
2 - 51% - 40% - 2:26
PK Forward
1 - 74% - 60% - 3:30
2 - 26% - 40% - 1:14
PK Defense
1 - 57% - 60% - 2:41
2 - 43% - 40% - 2:03
PK3 Forward
1 - 0% - 60%
2 - 0% - 40%
PK3 Defense
1 - 0% - 60%
2 - 0% - 40%
44 Forward
1 - 0% - 60%
2 - 0% - 40%
44 Defense
1 - 0% - 60%
2 - 0% - 40%
Last Minute Offensive  - 0:00
Last Minute Defensive  - 0:00
Total
Forward - 60:00
Defense - 60:00

Play-by-Play

1st period


0:01 of 1st period - Nathan MacKinnon wins face-off versus Mark Scheifele in neutral zone.
0:06 of 1st period - Snap shot by Victor Olofsson.
0:06 of 1st period - Deflect By Nathan MacKinnon.
0:06 of 1st period - Shot Misses the Net.
0:06 of 1st period - Puck is out of play.
0:07 of 1st period - Nathan MacKinnon wins face-off versus Mark Scheifele in Red Wings zone.
0:36 of 1st period - Snap shot by Victor Olofsson.
0:36 of 1st period - Stopped by Marc-Andre Fleury without a rebound.
0:37 of 1st period - John Tavares wins face-off versus Artem Anisimov in Red Wings zone.
2:28 of 1st period - Frederick Gaudreau is hit by Zach Aston-Reese.
2:31 of 1st period - Off-side.
2:32 of 1st period - Frederick Gaudreau wins face-off versus Jujhar Khaira in neutral zone.
2:35 of 1st period - Troy Stecher is hit by Kris Letang and loses puck.
3:23 of 1st period - Slapshot by Jujhar Khaira.
3:23 of 1st period - Shot Blocked by Brett Pesce.
3:40 of 1st period - Minor Penalty to Jujhar Khaira for Hooking.
3:41 of 1st period - Nathan MacKinnon wins face-off versus Mark Scheifele in Red Wings zone.
4:39 of 1st period - Mark Scheifele is hit by Josh Manson and loses puck.
5:40 of 1st period - Penalty to Jujhar Khaira is over, Jujhar Khaira is back on ice.
7:10 of 1st period - Snap shot by Oliver Bjorkstrand.
7:10 of 1st period - Shot Misses the Net.
7:22 of 1st period - Wrist shot by Duncan Keith.
7:22 of 1st period - Stopped by Jonathan Bernier with a rebound.
7:47 of 1st period - Icing by Mark Scheifele.
7:48 of 1st period - Artem Anisimov wins face-off versus Mark Scheifele in Red Wings zone.
8:00 of 1st period - Snap shot by Troy Terry.
8:00 of 1st period - Stopped by Marc-Andre Fleury with a rebound.
8:02 of 1st period - Slapshot by Troy Terry.
8:02 of 1st period - Stopped by Marc-Andre Fleury without a rebound.
8:03 of 1st period - Nathan MacKinnon wins face-off versus John Tavares in Red Wings zone.
8:38 of 1st period - Snap shot by Wayne Simmonds.
8:38 of 1st period - Stopped by Marc-Andre Fleury with a rebound.
8:58 of 1st period - Snap shot by David Pastrnak.
8:58 of 1st period - Shot Misses the Net.
10:23 of 1st period - Wrist shot by David Pastrnak.
10:23 of 1st period - Shot Blocked by Nils Lundkvist.
10:25 of 1st period - Snap shot by Mark Scheifele.
10:25 of 1st period - Shot Misses the Net.
10:37 of 1st period - Zac Dalpe is hit by John Tavares and loses puck.
11:00 of 1st period - Wrist shot by Nathan MacKinnon.
11:00 of 1st period - Stopped by Marc-Andre Fleury with a rebound.
11:02 of 1st period - Slapshot by John Moore.
11:02 of 1st period - Shot Misses the Net.
12:03 of 1st period - Nathan MacKinnon is hit by Mark Scheifele and loses puck.
12:20 of 1st period - Slapshot by Kris Letang.
12:20 of 1st period - Shot Blocked by Oliver Bjorkstrand.
12:28 of 1st period - Snap shot by Oliver Bjorkstrand.
12:28 of 1st period - Shot Blocked by Wayne Simmonds.
12:38 of 1st period - Wrist shot by Jeff Petry.
12:38 of 1st period - Stopped by Jonathan Bernier with a rebound.
13:32 of 1st period - Frederick Gaudreau is hit by Mark Scheifele and loses puck.
14:24 of 1st period - Josh Morrissey is hit by Noel Acciari and loses puck.
14:28 of 1st period - Icing by Josh Morrissey.
14:29 of 1st period - John Tavares wins face-off versus Artem Anisimov in Jets zone.
14:44 of 1st period - Wrist shot by Oliver Bjorkstrand.
14:44 of 1st period - Deflect By John Tavares.
14:44 of 1st period - Shot Misses the Net.
14:44 of 1st period - Puck is out of play.
14:45 of 1st period - Connor Brown wins face-off versus Nathan MacKinnon in Jets zone.
14:46 of 1st period - Snap shot by Mark Scheifele.
14:46 of 1st period - Stopped by Jonathan Bernier without a rebound.
14:47 of 1st period - Nathan MacKinnon wins face-off versus Mark Scheifele in Jets zone.
15:26 of 1st period - Slapshot by Mark Scheifele.
15:26 of 1st period - Shot Misses the Net.
15:42 of 1st period - Snap shot by Artem Anisimov.
15:42 of 1st period - Stopped by Marc-Andre Fleury with a rebound.
16:00 of 1st period - Slapshot by Jeff Petry.
16:00 of 1st period - Stopped by Jonathan Bernier without a rebound.
16:01 of 1st period - Zach Aston-Reese wins face-off versus Nathan MacKinnon in Jets zone.
16:02 of 1st period - Snap shot by Jujhar Khaira.
16:02 of 1st period - Shot Misses the Net.
16:22 of 1st period - Snap shot by Victor Olofsson.
16:22 of 1st period - Stopped by Marc-Andre Fleury with a rebound.
16:28 of 1st period - Brett Pesce is hit by Jujhar Khaira and loses puck.
16:41 of 1st period - Snap shot by Zach Aston-Reese.
16:41 of 1st period - Stopped by Jonathan Bernier with a rebound.
16:43 of 1st period - Wrist shot by Jujhar Khaira.
16:43 of 1st period - Stopped by Jonathan Bernier with a rebound.
16:55 of 1st period - Snap shot by Zach Aston-Reese.
16:55 of 1st period - Stopped by Jonathan Bernier with a rebound.
16:57 of 1st period - Slapshot by Troy Stecher.
16:57 of 1st period - Stopped by Jonathan Bernier with a rebound.
16:59 of 1st period - Snap shot by Noel Acciari.
16:59 of 1st period - Shot Misses the Net.
17:21 of 1st period - Wrist shot by Victor Olofsson.
17:21 of 1st period - Shot Misses the Net.
17:23 of 1st period - Snap shot by Kris Letang.
17:23 of 1st period - Deflect By Jeff Petry.
17:23 of 1st period - Stopped by Marc-Andre Fleury with a rebound.
17:25 of 1st period - Wrist shot by Kris Letang.
17:25 of 1st period - Shot Misses the Net.
17:27 of 1st period - Snap shot by Kris Letang.
17:27 of 1st period - Stopped by Marc-Andre Fleury with a rebound.
17:29 of 1st period - Snap shot by James van Riemsdyk.
17:29 of 1st period - Stopped by Marc-Andre Fleury without a rebound.
17:30 of 1st period - Mark Scheifele wins face-off versus Artem Anisimov in Red Wings zone.
17:39 of 1st period - Slapshot by David Pastrnak.
17:39 of 1st period - Stopped by Jonathan Bernier with a rebound.
18:02 of 1st period - Snap shot by John Tavares.
18:02 of 1st period - Stopped by Jonathan Bernier without a rebound.
18:03 of 1st period - John Tavares wins face-off versus Frederick Gaudreau in Jets zone.
18:08 of 1st period - Wrist shot by John Tavares.
18:08 of 1st period - Stopped by Jonathan Bernier without a rebound.
18:09 of 1st period - Frederick Gaudreau wins face-off versus John Tavares in Jets zone.
18:09 of 1st period - Frederick Gaudreau is hit by Jeff Petry.
18:57 of 1st period - Icing by Frederick Gaudreau.
18:58 of 1st period - Mark Scheifele wins face-off versus Artem Anisimov in Jets zone.
19:03 of 1st period - Wrist shot by Mark Scheifele.
19:03 of 1st period - Shot Misses the Net.
19:09 of 1st period - Wrist shot by David Pastrnak.
19:09 of 1st period - Shot Blocked by Wayne Simmonds.
19:13 of 1st period - Snap shot by David Pastrnak.
19:13 of 1st period - Shot Misses the Net.
19:15 of 1st period - Wrist shot by Connor Brown.
19:15 of 1st period - Stopped by Jonathan Bernier without a rebound.
19:16 of 1st period - John Tavares wins face-off versus Nathan MacKinnon in Jets zone.
19:42 of 1st period - Troy Terry is hit by Jeff Petry and loses puck.
Goals for this period are 0 for Jets vs 0 for Red Wings.
Shots for this period are 10 for Jets vs 12 for Red Wings.

2nd period


0:01 of 2nd period - Nathan MacKinnon wins face-off versus Mark Scheifele in neutral zone.
0:30 of 2nd period - Slapshot by Jeff Petry.
0:30 of 2nd period - Stopped by Jonathan Bernier without a rebound.
0:31 of 2nd period - John Tavares wins face-off versus Troy Terry in Jets zone.
0:56 of 2nd period - James van Riemsdyk is hit by Mark Scheifele and loses puck.
1:41 of 2nd period - Nico Sturm is hit by Filip Chytil and loses puck.
2:41 of 2nd period - Jeff Petry is hit by Daniel Sprong.
2:45 of 2nd period - Snap shot by Jujhar Khaira.
2:45 of 2nd period - Shot Blocked by Josh Morrissey.
3:06 of 2nd period - Troy Terry is hit by Haydn Fleury and loses puck.
3:23 of 2nd period - Filip Chytil is hit by Anton Stralman and loses puck.
4:03 of 2nd period - Daniel Sprong is hit by Troy Stecher and loses puck.
4:26 of 2nd period - Snap shot by Artem Anisimov.
4:26 of 2nd period - Stopped by Marc-Andre Fleury without a rebound.
4:27 of 2nd period - Mark Scheifele wins face-off versus Nathan MacKinnon in Red Wings zone.
5:29 of 2nd period - Snap shot by Frederick Gaudreau.
5:29 of 2nd period - Stopped by Marc-Andre Fleury with a rebound.
6:08 of 2nd period - Snap shot by Mark Scheifele.
6:08 of 2nd period - Goal by Mark Scheifele - Jets : 0 - Red Wings : 1.
6:09 of 2nd period - Nathan MacKinnon wins face-off versus John Tavares in neutral zone.
6:38 of 2nd period - Snap shot by David Pastrnak.
6:38 of 2nd period - Shot Blocked by Troy Terry.
6:40 of 2nd period - Snap shot by Troy Stecher.
6:40 of 2nd period - Shot Blocked by Josh Morrissey.
6:42 of 2nd period - Snap shot by David Pastrnak.
6:42 of 2nd period - Shot Misses the Net.
6:44 of 2nd period - Snap shot by Mark Scheifele.
6:44 of 2nd period - Shot Blocked by Artem Anisimov.
6:46 of 2nd period - Wrist shot by Mark Scheifele.
6:46 of 2nd period - Stopped by Jonathan Bernier with a rebound.
6:48 of 2nd period - Snap shot by Mark Scheifele.
6:48 of 2nd period - Goal by Mark Scheifele - Jets : 0 - Red Wings : 2.
6:49 of 2nd period - Mark Scheifele wins face-off versus Nathan MacKinnon in neutral zone.
7:02 of 2nd period - Wrist shot by Mark Scheifele.
7:02 of 2nd period - Shot Misses the Net.
7:04 of 2nd period - Wrist shot by David Pastrnak.
7:04 of 2nd period - Shot Blocked by Brett Pesce.
7:06 of 2nd period - Wrist shot by Connor Brown.
7:06 of 2nd period - Stopped by Jonathan Bernier with a rebound.
7:45 of 2nd period - Snap shot by Filip Chytil.
7:45 of 2nd period - Stopped by Marc-Andre Fleury without a rebound.
7:46 of 2nd period - Frederick Gaudreau wins face-off versus Noel Acciari in Red Wings zone.
9:48 of 2nd period - Slapshot by Troy Terry.
9:48 of 2nd period - Stopped by Marc-Andre Fleury with a rebound.
9:50 of 2nd period - Slapshot by Josh Manson.
9:50 of 2nd period - Stopped by Marc-Andre Fleury with a rebound.
9:52 of 2nd period - Snap shot by Josh Manson.
9:52 of 2nd period - Shot Misses the Net.
10:37 of 2nd period - Snap shot by Nathan MacKinnon.
10:37 of 2nd period - Shot Blocked by Eric Staal.
10:53 of 2nd period - Snap shot by Filip Chytil.
10:53 of 2nd period - Deflect By Kyle Turris.
10:53 of 2nd period - Shot Misses the Net.
10:53 of 2nd period - Puck is out of play.
10:54 of 2nd period - Frederick Gaudreau wins face-off versus Mark Scheifele in Red Wings zone.
10:58 of 2nd period - Minor Penalty to Dylan DeMelo for Tripping.
10:59 of 2nd period - Nathan MacKinnon wins face-off versus Mark Scheifele in Red Wings zone.
11:03 of 2nd period - Wrist shot by Victor Olofsson.
11:03 of 2nd period - Shot Blocked by Jeff Petry.
11:05 of 2nd period - Slapshot by Victor Olofsson.
11:05 of 2nd period - Shot Misses the Net.
11:07 of 2nd period - Wrist shot by Victor Olofsson.
11:07 of 2nd period - Shot Misses the Net.
11:09 of 2nd period - Slapshot by Brett Pesce.
11:09 of 2nd period - Deflect By Duncan Keith.
11:09 of 2nd period - Stopped by Marc-Andre Fleury without a rebound.
11:10 of 2nd period - Mark Scheifele wins face-off versus Nathan MacKinnon in Red Wings zone.
11:21 of 2nd period - Slapshot by Nathan MacKinnon.
11:21 of 2nd period - Stopped by Marc-Andre Fleury with a rebound.
11:23 of 2nd period - Wrist shot by James van Riemsdyk.
11:23 of 2nd period - Stopped by Marc-Andre Fleury with a rebound.
11:25 of 2nd period - Backhand shot by Victor Olofsson.
11:25 of 2nd period - Goal by Victor Olofsson - Jets : 1 - Red Wings : 2.
11:26 of 2nd period - Mark Scheifele wins face-off versus Nathan MacKinnon in neutral zone.
12:17 of 2nd period - Josh Morrissey is hit by Dylan DeMelo and loses puck.
12:43 of 2nd period - Josh Morrissey is hit by Anton Stralman and loses puck.
12:58 of 2nd period - Slapshot by Nathan MacKinnon.
12:58 of 2nd period - Deflect By James van Riemsdyk.
12:58 of 2nd period - Shot Blocked by Jeff Petry.
12:58 of 2nd period - Puck is out of play.
12:59 of 2nd period - Mark Scheifele wins face-off versus Nathan MacKinnon in Red Wings zone.
13:10 of 2nd period - Wrist shot by David Pastrnak.
13:10 of 2nd period - Shot Misses the Net.
13:12 of 2nd period - Slapshot by Connor Brown.
13:12 of 2nd period - Stopped by Jonathan Bernier without a rebound.
13:13 of 2nd period - Nathan MacKinnon wins face-off versus John Tavares in Jets zone.
13:20 of 2nd period - Snap shot by Oliver Bjorkstrand.
13:20 of 2nd period - Shot Blocked by Kris Letang.
13:22 of 2nd period - Wrist shot by Jeff Petry.
13:22 of 2nd period - Deflect By John Tavares.
13:22 of 2nd period - Stopped by Jonathan Bernier with a rebound.
13:24 of 2nd period - Snap shot by Lars Eller.
13:24 of 2nd period - Deflect By John Tavares.
13:24 of 2nd period - Stopped by Jonathan Bernier without a rebound.
13:25 of 2nd period - Mark Scheifele wins face-off versus Nathan MacKinnon in Jets zone.
13:26 of 2nd period - Slapshot by David Pastrnak.
13:26 of 2nd period - Stopped by Jonathan Bernier without a rebound.
13:27 of 2nd period - Mark Scheifele wins face-off versus Nathan MacKinnon in Jets zone.
13:35 of 2nd period - Minor Penalty to Kris Letang for Holding.
13:36 of 2nd period - Nathan MacKinnon wins face-off versus Mark Scheifele in Jets zone.
13:48 of 2nd period - Wrist shot by James van Riemsdyk.
13:48 of 2nd period - Stopped by Marc-Andre Fleury with a rebound.
13:54 of 2nd period - Brett Pesce is hit by Duncan Keith and loses puck.
14:26 of 2nd period - Icing by Mark Scheifele.
14:27 of 2nd period - Mark Scheifele wins face-off versus Victor Olofsson in Red Wings zone.
15:35 of 2nd period - Penalty to Kris Letang is over, Kris Letang is back on ice.
15:48 of 2nd period - Icing by Jujhar Khaira.
15:49 of 2nd period - Zac Dalpe wins face-off versus Noel Acciari in Red Wings zone.
16:06 of 2nd period - Kris Letang is hit by Dylan DeMelo and loses puck.
16:18 of 2nd period - Icing by Zach Aston-Reese.
16:19 of 2nd period - Noel Acciari wins face-off versus Nathan MacKinnon in Red Wings zone.
16:19 of 2nd period - Noel Acciari is hit by Josh Morrissey.
16:27 of 2nd period - Wrist shot by Nathan MacKinnon.
16:27 of 2nd period - Stopped by Marc-Andre Fleury with a rebound.
16:34 of 2nd period - Troy Stecher is hit by Josh Manson.
16:40 of 2nd period - Snap shot by Zach Aston-Reese.
16:40 of 2nd period - Stopped by Jonathan Bernier with a rebound.
16:42 of 2nd period - Wrist shot by Noel Acciari.
16:42 of 2nd period - Deflect By Jujhar Khaira.
16:42 of 2nd period - Stopped by Jonathan Bernier with a rebound.
16:44 of 2nd period - Slapshot by Jujhar Khaira.
16:44 of 2nd period - Stopped by Jonathan Bernier without a rebound.
16:45 of 2nd period - Mark Scheifele wins face-off versus Artem Anisimov in Jets zone.
16:51 of 2nd period - Minor Penalty to Troy Terry for High sticking.
16:52 of 2nd period - Mark Scheifele wins face-off versus Nathan MacKinnon in Jets zone.
18:51 of 2nd period - Penalty to Troy Terry is over, Troy Terry is back on ice.
19:13 of 2nd period - Wrist shot by Daniel Sprong.
19:13 of 2nd period - Stopped by Marc-Andre Fleury with a rebound.
19:23 of 2nd period - Frederick Gaudreau is hit by Nico Sturm.
Goals for this period are 1 for Jets vs 2 for Red Wings.
Shots for this period are 12 for Jets vs 12 for Red Wings.

3rd period


0:01 of 3rd period - Nathan MacKinnon wins face-off versus Connor Brown in neutral zone.
0:12 of 3rd period - Kris Letang is hit by David Pastrnak and loses puck.
1:14 of 3rd period - Backhand shot by Victor Olofsson.
1:14 of 3rd period - Shot Blocked by Troy Stecher.
1:16 of 3rd period - Slapshot by Josh Manson.
1:16 of 3rd period - Stopped by Marc-Andre Fleury with a rebound.
1:18 of 3rd period - Slapshot by Josh Morrissey.
1:18 of 3rd period - Shot Misses the Net.
1:20 of 3rd period - Snap shot by James van Riemsdyk.
1:20 of 3rd period - Stopped by Marc-Andre Fleury with a rebound.
1:26 of 3rd period - Minor Penalty to Zach Aston-Reese for Tripping.
1:27 of 3rd period - Nathan MacKinnon wins face-off versus Mark Scheifele in Red Wings zone.
1:34 of 3rd period - Wrist shot by Victor Olofsson.
1:34 of 3rd period - Shot Blocked by Mark Scheifele.
1:36 of 3rd period - Wrist shot by James van Riemsdyk.
1:36 of 3rd period - Shot Blocked by Troy Stecher.
1:44 of 3rd period - Snap shot by Victor Olofsson.
1:44 of 3rd period - Goal by Victor Olofsson - Jets : 2 - Red Wings : 2.
1:45 of 3rd period - Nathan MacKinnon wins face-off versus Oliver Bjorkstrand in neutral zone.
2:02 of 3rd period - Snap shot by James van Riemsdyk.
2:02 of 3rd period - Shot Blocked by Duncan Keith.
2:34 of 3rd period - Snap shot by Jujhar Khaira.
2:34 of 3rd period - Shot Blocked by Kris Letang.
2:36 of 3rd period - Slapshot by Jeff Petry.
2:36 of 3rd period - Shot Blocked by Filip Chytil.
3:04 of 3rd period - Wrist shot by Jeff Petry.
3:04 of 3rd period - Stopped by Jonathan Bernier with a rebound.
3:16 of 3rd period - Minor Penalty to Josh Manson for Tripping.
3:17 of 3rd period - Nathan MacKinnon wins face-off versus Mark Scheifele in Jets zone.
3:28 of 3rd period - Wrist shot by David Pastrnak.
3:28 of 3rd period - Deflect By Josh Morrissey.
3:28 of 3rd period - Shot Misses the Net.
3:28 of 3rd period - Puck is out of play.
3:29 of 3rd period - Mark Scheifele wins face-off versus Nathan MacKinnon in Jets zone.
3:56 of 3rd period - James van Riemsdyk is hit by Oliver Bjorkstrand and loses puck.
4:07 of 3rd period - Snap shot by Oliver Bjorkstrand.
4:07 of 3rd period - Goal by Oliver Bjorkstrand - Jets : 2 - Red Wings : 3.
4:08 of 3rd period - Mark Scheifele wins face-off versus Artem Anisimov in neutral zone.
4:25 of 3rd period - Snap shot by David Pastrnak.
4:25 of 3rd period - Stopped by Jonathan Bernier without a rebound.
4:26 of 3rd period - John Tavares wins face-off versus Nathan MacKinnon in Jets zone.
4:33 of 3rd period - Victor Olofsson is hit by Jeff Petry and loses puck.
4:59 of 3rd period - Duncan Keith is hit by Wayne Simmonds and loses puck.
5:42 of 3rd period - Off-side.
5:43 of 3rd period - Eric Staal wins face-off versus Zac Dalpe in neutral zone.
6:15 of 3rd period - Brett Pesce is hit by Oliver Bjorkstrand.
6:43 of 3rd period - Snap shot by Nathan MacKinnon.
6:43 of 3rd period - Stopped by Marc-Andre Fleury without a rebound.
6:43 of 3rd period - Minor Penalty to Marc-Andre Fleury for Slashing.
6:44 of 3rd period - Mark Scheifele wins face-off versus Artem Anisimov in Red Wings zone.
6:59 of 3rd period - Snap shot by Mark Scheifele.
6:59 of 3rd period - Shot Misses the Net.
7:01 of 3rd period - Slapshot by Mark Scheifele.
7:01 of 3rd period - Shot Misses the Net.
8:28 of 3rd period - Jeff Petry is hit by James van Riemsdyk and loses puck.
8:43 of 3rd period - Penalty to Noel Acciari is over, Noel Acciari is back on ice.
9:49 of 3rd period - Snap shot by Oliver Bjorkstrand.
9:49 of 3rd period - Stopped by Jonathan Bernier with a rebound.
11:28 of 3rd period - Josh Morrissey is hit by Jujhar Khaira and loses puck.
11:33 of 3rd period - Slapshot by Jujhar Khaira.
11:33 of 3rd period - Stopped by Jonathan Bernier with a rebound.
11:35 of 3rd period - Snap shot by Dylan DeMelo.
11:35 of 3rd period - Stopped by Jonathan Bernier with a rebound.
11:37 of 3rd period - Snap shot by Zach Aston-Reese.
11:37 of 3rd period - Goal by Zach Aston-Reese - Jets : 2 - Red Wings : 4.
11:38 of 3rd period - Mark Scheifele wins face-off versus Nathan MacKinnon in neutral zone.
11:41 of 3rd period - Kris Letang is hit by Connor Brown and loses puck.
11:50 of 3rd period - Slapshot by Brett Pesce.
11:50 of 3rd period - Deflect By Nathan MacKinnon.
11:50 of 3rd period - Shot Misses the Net.
11:50 of 3rd period - Puck is out of play.
11:51 of 3rd period - Nathan MacKinnon wins face-off versus John Tavares in Red Wings zone.
12:12 of 3rd period - John Tavares is hit by Kris Letang and loses puck.
12:26 of 3rd period - Off-side.
12:27 of 3rd period - Mark Scheifele wins face-off versus Artem Anisimov in neutral zone.
12:42 of 3rd period - Wrist shot by Artem Anisimov.
12:42 of 3rd period - Stopped by Marc-Andre Fleury with a rebound.
12:44 of 3rd period - Slapshot by Josh Manson.
12:44 of 3rd period - Shot Misses the Net.
12:46 of 3rd period - Slapshot by Josh Manson.
12:46 of 3rd period - Shot Blocked by Dylan DeMelo.
12:52 of 3rd period - Snap shot by Artem Anisimov.
12:52 of 3rd period - Deflect By Troy Stecher.
12:52 of 3rd period - Goal by Artem Anisimov - Jets : 3 - Red Wings : 4.
12:53 of 3rd period - John Tavares wins face-off versus James van Riemsdyk in neutral zone.
13:49 of 3rd period - Snap shot by Jujhar Khaira.
13:49 of 3rd period - Stopped by Jonathan Bernier with a rebound.
14:17 of 3rd period - Daniel Sprong is hit by John Tavares and loses puck.
14:24 of 3rd period - Snap shot by John Tavares.
14:24 of 3rd period - Shot Misses the Net.
14:26 of 3rd period - Snap shot by Lars Eller.
14:26 of 3rd period - Stopped by Jonathan Bernier with a rebound.
14:36 of 3rd period - Snap shot by David Pastrnak.
14:36 of 3rd period - Deflect By Connor Brown.
14:36 of 3rd period - Shot Blocked by William Carrier.
14:36 of 3rd period - Puck is out of play.
14:37 of 3rd period - Mark Scheifele wins face-off versus Nathan MacKinnon in Jets zone.
15:14 of 3rd period - Snap shot by Filip Chytil.
15:14 of 3rd period - Deflect By John Tavares.
15:14 of 3rd period - Stopped by Marc-Andre Fleury with a rebound.
15:16 of 3rd period - Slapshot by John Moore.
15:16 of 3rd period - Stopped by Marc-Andre Fleury with a rebound.
16:00 of 3rd period - Snap shot by Zach Aston-Reese.
16:00 of 3rd period - Deflect By Jujhar Khaira.
16:00 of 3rd period - Stopped by Jonathan Bernier with a rebound.
16:38 of 3rd period - Minor Penalty to Eric Staal for Hooking.
16:39 of 3rd period - Nathan MacKinnon wins face-off versus Mark Scheifele in Red Wings zone.
16:39 of 3rd period - Snap shot by Victor Olofsson.
16:39 of 3rd period - Goal by Victor Olofsson - Jets : 4 - Red Wings : 4.
16:40 of 3rd period - Frederick Gaudreau wins face-off versus Noel Acciari in neutral zone.
17:05 of 3rd period - Duncan Keith is hit by Victor Olofsson and loses puck.
17:10 of 3rd period - Snap shot by Nathan MacKinnon.
17:10 of 3rd period - Stopped by Marc-Andre Fleury with a rebound.
17:34 of 3rd period - Slapshot by Troy Terry.
17:34 of 3rd period - Stopped by Marc-Andre Fleury with a rebound.
18:02 of 3rd period - Snap shot by Dylan DeMelo.
18:02 of 3rd period - Stopped by Jonathan Bernier without a rebound.
18:03 of 3rd period - Filip Chytil wins face-off versus Mark Scheifele in Jets zone.
18:14 of 3rd period - Snap shot by David Pastrnak.
18:14 of 3rd period - Stopped by Jonathan Bernier with a rebound.
18:16 of 3rd period - Wrist shot by Connor Brown.
18:16 of 3rd period - Shot Misses the Net.
18:34 of 3rd period - Wrist shot by Noel Acciari.
18:34 of 3rd period - Stopped by Jonathan Bernier without a rebound.
18:35 of 3rd period - Noel Acciari wins face-off versus Nathan MacKinnon in Jets zone.
18:38 of 3rd period - Wrist shot by Zach Aston-Reese.
18:38 of 3rd period - Stopped by Jonathan Bernier with a rebound.
18:40 of 3rd period - Slapshot by Duncan Keith.
18:40 of 3rd period - Stopped by Jonathan Bernier with a rebound.
19:04 of 3rd period - Connor Brown is hit by Josh Manson and loses puck.
Goals for this period are 3 for Jets vs 2 for Red Wings.
Shots for this period are 11 for Jets vs 15 for Red Wings.

Overtime #1


0:01 of 1st overtime period - John Tavares wins face-off versus Nathan MacKinnon in neutral zone.
0:04 of 1st overtime period - Snap shot by John Tavares.
0:04 of 1st overtime period - Deflect By Nathan MacKinnon.
0:04 of 1st overtime period - Shot Blocked by James van Riemsdyk.
0:04 of 1st overtime period - Puck is out of play.
0:05 of 1st overtime period - Nathan MacKinnon wins face-off versus John Tavares in Jets zone.
0:39 of 1st overtime period - Wrist shot by Artem Anisimov.
0:39 of 1st overtime period - Stopped by Marc-Andre Fleury without a rebound.
0:40 of 1st overtime period - John Tavares wins face-off versus Artem Anisimov in Red Wings zone.
0:57 of 1st overtime period - Duncan Keith is hit by Artem Anisimov and loses puck.
1:04 of 1st overtime period - Wrist shot by Victor Olofsson.
1:04 of 1st overtime period - Shot Blocked by Mark Scheifele.
1:06 of 1st overtime period - Slapshot by Brett Pesce.
1:06 of 1st overtime period - Stopped by Marc-Andre Fleury with a rebound.
1:08 of 1st overtime period - Snap shot by Artem Anisimov.
1:08 of 1st overtime period - Shot Blocked by Duncan Keith.
1:10 of 1st overtime period - Wrist shot by Victor Olofsson.
1:10 of 1st overtime period - Stopped by Marc-Andre Fleury with a rebound.
1:12 of 1st overtime period - Slapshot by Brett Pesce.
1:12 of 1st overtime period - Shot Blocked by Mark Scheifele.
1:14 of 1st overtime period - Slapshot by Victor Olofsson.
1:14 of 1st overtime period - Shot Misses the Net.
1:16 of 1st overtime period - Backhand shot by Artem Anisimov.
1:16 of 1st overtime period - Shot Hit the Post.
1:18 of 1st overtime period - Slapshot by Brett Pesce.
1:18 of 1st overtime period - Stopped by Marc-Andre Fleury without a rebound.
1:19 of 1st overtime period - Connor Brown wins face-off versus Nathan MacKinnon in Red Wings zone.
2:20 of 1st overtime period - Snap shot by Wayne Simmonds.
2:20 of 1st overtime period - Shot Misses the Net.
2:36 of 1st overtime period - Backhand shot by John Tavares.
2:36 of 1st overtime period - Deflect By Mark Scheifele.
2:36 of 1st overtime period - Shot Misses the Net.
2:36 of 1st overtime period - Puck is out of play.
2:37 of 1st overtime period - Frederick Gaudreau wins face-off versus John Tavares in Jets zone.
3:06 of 1st overtime period - Slapshot by David Pastrnak.
3:06 of 1st overtime period - Shot Blocked by James van Riemsdyk.
3:08 of 1st overtime period - Snap shot by Jeff Petry.
3:08 of 1st overtime period - Stopped by Jonathan Bernier with a rebound.
3:10 of 1st overtime period - Snap shot by David Pastrnak.
3:10 of 1st overtime period - Deflect By Connor Brown.
3:10 of 1st overtime period - Goal by Connor Brown - Jets : 4 - Red Wings : 5.
Goals for this period are 0 for Jets vs 1 for Red Wings.
Shots for this period are 4 for Jets vs 2 for Red Wings.